Map: King's Cove LE

Players

GhostHell

  • Race: Zerg Zerg
  • Spawn Location: 5:00

Kas - Winner!

  • Race: Terran Terran
  • League: Platinum
  • Spawn Location: 11:00

Event: 2019 WCS Summer

VOD

Have the link to the VOD?

Description

Time

  • Played on: July 12, 2019, 9:56 a.m.
  • Length: 14:10

All games in this series

Show
View Real Time Build Order
Export as new Build Order

GhostHell Zerg 

Build Orders: Hatch First 

Get SALT Encoding   

  12  0:00  Drone  
  13  0:13  Overlord  
  13  0:18  Drone  
  14  0:32  Drone  
  14  0:33  Drone  
  16  0:36  Drone  
  17  0:53  Hatchery  
  17  0:56  Drone  
  17  1:00  Drone  
  18  1:10  Extractor  
  17  1:15  Spawning Pool  
  17  1:17  Drone  
  17  1:21  Drone  
  18  1:29  Drone  
  19  1:40  Overlord  
  19  1:51  Drone  
  20  2:02  Queen  
  20  2:03  Zergling x2  
  20  2:05  Queen  
  20  2:06  Zergling x2  
  26  2:13  Drone  
  27  2:16  Drone  
  28  2:23  Drone  
  28  2:29  Drone  
  30  2:36  Extractor  
  30  2:42  Drone x2  
  31  2:48  Hatchery  
  31  2:49  Drone  
  31  2:59  Drone  
  31  3:03  Queen  
  31  3:04  Overlord  
  33  3:07  Drone  
  33  3:12  Metabolic Boost, Drone x2  
  35  3:20  Drone  
  35  3:28  Drone  
  35  3:29  Drone x2  
  38  3:34  Roach Warren  
  38  3:36  Drone x3  
  38  3:37  Overlord  
  40  3:50  Spore Crawler  
  40  3:55  Overlord  
  40  4:06  Spore Crawler  
  40  4:08  Spore Crawler  
  38  4:16  Spore Crawler  
  39  4:21  Roach x7  
  53  4:28  Roach  
  53  4:30  Zergling x12  
  61  4:32  Queen  
  61  4:38  Queen  
  63  4:39  Overlord  
  63  4:41  Zergling x2  
  66  5:04  Zergling x2  
  66  5:05  Zergling x16  
  66  5:06  Overlord x2  
  74  5:22  Overlord  
  74  5:28  Extractor  
  72  5:29  Lair, Extractor  
  72  5:31  Evolution Chamber  
  72  5:33  Drone  
  72  5:34  Drone x4  
  72  5:35  Queen x2  
  52  5:51  Drone  
  52  5:52  Drone x2  
  52  5:56  Spore Crawler  
  51  5:57  Drone  
  51  5:58  Drone x2, Spore Crawler  
  51  6:21  Roach x4  
  57  6:25  Drone  
  57  6:26  Drone x3  
  58  6:46  Drone x9  
  62  6:50  Drone x2  
  62  6:53  Tunneling Claws, Zerg Missile Weapons Level 1  
  63  6:58  Burrow  
  63  7:04  Drone x2  
  63  7:05  Drone  
  66  7:17  Roach x4  
  66  7:21  Queen  
  72  7:32  Drone x4  
  72  7:33  Roach  
  78  7:39  Overlord  
  78  7:40  Drone x3  
  81  7:47  Roach x3  
  87  7:54  Roach x3  
  88  8:21  Drone x2  
  88  8:22  Drone x8  
  88  8:25  Spore Crawler  
  97  8:32  Glial Reconstitution  
  97  8:36  Infestation Pit, Extractor  
  97  8:37  Drone x7  
  97  8:38  Drone x2, Extractor x2  
  102  8:41  Roach x4  
  102  8:44  Roach x9  
  102  8:49  Overlord x3  
  102  8:52  Zerg Ground Armor Level 1  
  98  9:07  Drone x4  
  98  9:16  Hatchery  
  95  9:18  Infestor, Roach x4  
  95  9:19  Overlord  
  95  9:20  Infestor x3  
  95  9:21  Roach x2  
  101  9:31  Roach  
  101  9:32  Roach x5  
  111  9:40  Roach x2  
  103  9:47  Roach x8  
  115  10:01  Roach x5  
  115  10:06  Ravager x2  
  128  10:07  Ravager, Roach  
  126  10:16  Overlord  
  126  10:17  Overlord x2  
  125  10:25  Ravager x4  
  125  10:27  Roach x2  
  129  10:29  Infestor x2  
  129  10:30  Infestor x2  
  126  10:36  Pathogen Glands  
  126  10:42  Drone x3  
  129  10:43  Drone x5  
  129  10:47  Roach x8  
  150  10:55  Zerg Missile Weapons Level 2  
  151  10:57  Drone x4  
  151  10:59  Overlord  
  152  11:16  Hive  
  151  11:18  Spire  
  145  11:32  Drone x3  
  138  11:35  Roach x2  
  142  11:42  Roach x5  
  142  11:45  Overlord  
  152  11:49  Overlord x2  
  152  11:50  Overlord  
  152  11:55  Queen, Extractor x2  
  152  12:03  Queen  
  144  12:18  Roach x10  
  144  12:19  Roach x2  
  144  12:22  Roach x5  
  162  12:23  Overlord  
  161  12:37  Roach x9  
  150  12:45  Roach  
  150  12:46  Roach x2  
  136  12:58  Roach  
  136  13:01  Infestor  
  136  13:03  Roach x4  
  130  13:05  Ravager x2  
  130  13:06  Ravager x3  
  131  13:27  Roach x6  
  129  13:28  Ravager  
Show
View Real Time Build Order
Export as new Build Order

Kas Terran - Winner!

Build Orders: Gas First Reaper Expand 

Get SALT Encoding   

  12  0:01  SCV  
  13  0:13  SCV  
  14  0:18  Supply Depot  
  14  0:25  SCV  
  15  0:30  Refinery  
  15  0:39  SCV  
  16  0:46  Barracks  
  16  0:51  SCV  
  17  1:04  SCV  
  18  1:16  SCV  
  19  1:32  Orbital Command  
  19  1:33  Reaper  
  20  1:45  Command Center  
  20  1:57  Factory  
  20  2:01  SCV  
  21  2:07  Barracks Reactor  
  21  2:09  Refinery  
  21  2:13  SCV  
  22  2:20  Supply Depot  
  22  2:28  SCV  
  23  2:42  SCV  
  24  2:47  Starport  
  24  2:57  SCV  
  25  3:06  SCV, Hellion x2  
  30  3:13  SCV  
  31  3:21  Orbital Command  
  31  3:26  SCV  
  32  3:27  Fusion Core  
  32  3:29  Hellion  
  32  3:30  Hellion  
  32  3:33  Marine  
  37  3:38  SCV  
  38  3:42  Starport Tech Lab  
  39  3:48  SCV  
  39  3:58  SCV  
  39  4:00  Supply Depot  
  39  4:01  SCV  
  41  4:10  SCV  
  41  4:13  SCV  
  43  4:23  Battlecruiser  
  49  4:24  SCV  
  49  4:25  Supply Depot  
  49  4:26  Hellion x2  
  49  4:27  Barracks Tech Lab  
  49  4:29  SCV  
  54  4:46  SCV x2  
  54  4:50  Command Center  
  56  4:54  Supply Depot  
  56  4:55  Marine  
  56  4:56  Stimpack  
  56  4:58  SCV x2  
  59  5:07  Factory Reactor, Barracks  
  59  5:08  Barracks  
  59  5:10  SCV  
  59  5:12  Factory Tech Lab  
  59  5:13  Marine  
  61  5:16  SCV  
  61  5:18  Bunker  
  62  5:31  Marine  
  62  5:33  SCV  
  55  5:52  Supply Depot  
  55  5:55  SCV x2  
  58  5:57  Siege Tank  
  58  6:00  Marine  
  58  6:02  Marine x2  
  61  6:04  Supply Depot  
  61  6:05  Supply Depot  
  61  6:08  Battlecruiser  
  67  6:12  SCV  
  67  6:16  SCV  
  69  6:20  Marine x2  
  71  6:29  SCV  
  71  6:31  Refinery, Engineering Bay x2  
  71  6:32  Siege Tank, Refinery  
  75  6:36  Barracks Reactor  
  75  6:38  Marine, SCV  
  77  6:45  Orbital Command  
  73  6:49  SCV  
  73  6:50  SCV  
  69  6:55  Marine  
  71  7:01  SCV, Terran Infantry Weapons Level 1, Terran Infantry Armor Level 1  
  71  7:02  Barracks, SCV  
  71  7:04  Barracks  
  66  7:11  Combat Shield  
  66  7:13  SCV  
  66  7:14  SCV  
  66  7:15  Orbital Command, Marine x2  
  68  7:20  Marine x2  
  72  7:25  Marine, SCV  
  72  7:26  SCV  
  75  7:33  Marine x2  
  75  7:36  Siege Tank  
  80  7:37  SCV  
  80  7:38  Marine x2, SCV  
  80  7:39  Armory  
  80  7:41  SCV  
  80  7:43  Marine  
  86  7:46  Starport Reactor, Supply Depot  
  86  7:49  SCV  
  86  7:50  SCV  
  86  7:51  Marine x2, Barracks Reactor x2  
  89  7:53  SCV  
  89  7:56  Marine x2  
  93  8:01  Marine, SCV  
  93  8:02  SCV  
  93  8:05  SCV  
  97  8:09  Siege Tank, Marine x2  
  102  8:13  Marine  
  102  8:14  Marine  
  102  8:15  SCV x2  
  102  8:17  SCV  
  102  8:19  Marine  
  108  8:20  Bunker  
  108  8:21  Refinery, Factory  
  108  8:23  Refinery  
  108  8:26  Marine  
  108  8:27  Marine  
  109  8:30  Medivac  
  109  8:31  Marine x2, Medivac  
  116  8:36  Supply Depot x2  
  116  8:37  Marine  
  117  8:57  Marine x9, SCV x3, Supply Depot  
  117  9:00  Supply Depot  
  128  9:09  SCV x3  
  118  9:10  Missile Turret  
  118  9:13  Missile Turret  
  118  9:15  Marine x9  
  124  9:18  Siege Tank  
  124  9:21  SCV  
  124  9:23  Siege Tank  
  126  9:25  Missile Turret  
  126  9:29  Supply Depot  
  126  9:33  Marine x4  
  126  9:35  Marine x2  
  126  9:36  Marine x2  
  134  9:43  Marine  
  134  9:47  SCV x2  
  134  9:50  Marine x2  
  138  9:53  Marine x3  
  138  9:55  SCV  
  138  9:59  SCV  
  143  10:02  Supply Depot  
  143  10:06  SCV  
  141  10:09  SCV  
  141  10:11  SCV  
  141  10:12  Marine  
  141  10:13  Marine  
  141  10:14  Siege Tank x2  
  151  10:19  Marine x6  
  157  10:23  Marine  
  157  10:24  SCV  
  159  10:30  Terran Infantry Weapons Level 2, Marine  
  160  10:39  SCV x2  
  160  10:41  Supply Depot  
  160  10:42  Supply Depot  
  162  10:43  Terran Infantry Armor Level 2  
  164  10:50  Marine, Marauder  
  165  11:02  Medivac x2  
  165  11:03  Supply Depot  
  169  11:04  Siege Tank  
  169  11:05  Supply Depot  
  169  11:08  Terran Vehicle Weapons Level 1  
  169  11:10  Marine x2  
  176  11:11  Marauder  
  176  11:29  Marine  
  166  11:33  Marauder  
  166  11:43  Marine x7  
  166  11:44  Siege Tank  
  166  11:46  Medivac  
  178  11:47  Command Center  
  178  11:50  Marine  
  181  11:54  Marauder  
  181  12:00  Marine  
  181  12:01  Marine x2  
  182  12:10  Marine x4  
  181  12:15  Marauder  
  177  12:28  Marine  
  178  12:35  Medivac x2  
  177  12:37  Marauder  
  177  12:40  Marine  
  177  12:41  Marine  
  177  12:43  Marine x2  
  177  12:44  Marine x3  
  181  12:45  Siege Tank x2  
  181  12:46  Marine  
  181  12:49  Barracks  
  181  12:50  Barracks  
  183  12:51  Barracks  
  174  12:58  Marine x2, Marauder  
  174  13:01  Marine x2  
  174  13:02  Marine x2  
  172  13:12  Marine x2  
  172  13:20  Marauder  
  172  13:24  Marine  
  172  13:26  Siege Tank x2  
  171  13:31  Marine  
  171  13:32  Marine x2  
  174  13:41  Marauder  
  176  13:42  Missile Turret  
  150  14:06  Barracks Tech Lab  
  150  14:07  Barracks Tech Lab x2  
Tags
 
Add a new tag
Caveats
  • Supply blocks, unpowered buildings, or Contaminate may cause inaccurate times.
  • Supply counts are checked every 10 seconds.